[Event "55th Biel Festival MTO 2022"]
[Site "Biel"]
[Date "2022.07.20"]
[Round "7.14"]
[White "Banusz Tamas"]
[Black "Popiol Michal"]
[Result "1-0"]
[ECO "E66"]
[WhiteElo "2611"]
[BlackElo "2118"]
[Annotator "TA"]
[PlyCount "63"]
[EventDate "2022.07.13"]
[EventType "swiss"]
[EventCountry "SUI"]
[SourceTitle "playchess.com"]
[Source "ChessBase"]
[SourceQuality "1"]
[TimeControl "40/5400+30:1800+30"]

1. Nf3 Nf6 2. c4 g6 3. g3 Bg7 4. Bg2 O-O 5. d4 d6 6. Nc3 c5 7. O-O Nc6 8. d5 Na5 9. Nd2 e6 10. Qc2 exd5 11. cxd5 Bd7 {[%emt 0:00:50][%cal Bc8d7,Bd7b5,Bb5d3,Bd3c2][%mdl 32] E66: King's Indian: Fianchetto: 6...c5 7 0-0 Nc6 8 d5.} 12. b3 b5 13. Bb2 {[%emt 0:00:10] [#]} b4 $146 {[%emt 0:01:33] White has an edge.} ({Predecessor:} 13... Rc8 14. Nce4 Nb7 15. Nxf6+ Bxf6 16. a4 b4 17. Bxf6 Qxf6 18. Nc4 Qg7 19. a5 a6 {½-½ (44) Leko,P (2663)-Carlsen,M (2863) chess24.com INT 2020}) 14. Nce4 Bb5 15. Nxf6+ Bxf6 16. a3 Nb7 (16... Bxe2 $2 17. Bxf6 Qxf6 18. Ne4 $18) 17. Rfe1 a5 18. e4 Bd3 {[%emt 0:07:24] [#]} 19. Bxf6 $1 {[%emt 0:05:34] aiming for Qb2.} Bxc2 20. Bxd8 {[%emt 0:00:09] White is more active.} Rfxd8 21. Rac1 Bd3 22. a4 c4 23. Nxc4 Bxc4 24. Rxc4 Rac8 {[%emt 0:00:30] [#]} ({Black should try} 24... Nc5) 25. Rc6 $1 $16 Nc5 {[%emt 0:02:02] [#]} (25... Kf8 {was called for.} 26. Bh3 Ra8) 26. Bh3 $1 $18 Rxc6 27. dxc6 {[%emt 0:00:43] Strongly threatening c7. KRB-KRN} Na6 28. e5 dxe5 $2 (28... Kf8 {was worth a try.} 29. Rd1 Ke7) 29. Rxe5 {[%emt 0:00:36] White is clearly winning.} Rd1+ 30. Kg2 Rc1 31. Bd7 Kg7 32. Rxa5 {[%emt 0:00:26] Weighted Error Value: White=0.06 (flawless) /Black=0.35} 1-0

[Event "55th Biel Festival MTO 2022"]
[Site "Biel"]
[Date "2022.07.20"]
[Round "7.15"]
[White "Stijve, Theo"]
[Black "Yu Yangyi"]
[Result "0-1"]
[ECO "C41"]
[WhiteElo "2394"]
[BlackElo "2720"]
[Annotator "TA"]
[PlyCount "56"]
[EventDate "2022.07.13"]
[EventType "swiss"]
[EventCountry "SUI"]
[SourceTitle "playchess.com"]
[Source "ChessBase"]
[SourceQuality "1"]
[TimeControl "40/5400+30:1800+30"]

1. e4 d6 2. d4 Nf6 3. Nc3 e5 4. Nf3 Nbd7 5. Bc4 Be7 6. a4 O-O 7. O-O c6 8. a5 exd4 {[%emt 0:06:36] C41: Philidor Defence.} 9. Qxd4 Qc7 {[%emt 0:02:18] [#]} 10. Bf4 $146 ({Predecessor:} 10. Rd1 Ne5 11. Be2 Bg4 12. Qe3 Rfd8 13. Nxe5 dxe5 14. Rxd8+ Qxd8 15. Bxg4 Nxg4 16. Qg3 {1-0 (58) Brewer,C (1945)-Evans,H (1577) Hastings 2016}) 10... Nh5 {[%emt 0:00:38] White has an edge.} 11. Be3 Ne5 12. Nxe5 dxe5 13. Qd1 Nf4 14. g3 Be6 (14... Rd8 {is interesting.} 15. Qf3 Be6 16. Ra4 Bxc4 17. Rxc4 Ne6) 15. Bxe6 (15. Ra4 {seems wilder.} Rfd8 16. Qf3 Bxc4 17. Rxc4 Ne6 18. Nd5) 15... Nxe6 16. Qd3 Bb4 17. a6 b5 {[%emt 0:00:26] Prevents Qc4.} 18. Na2 Bc5 19. Rfe1 Rfd8 $36 {[%emt 0:02:45][%cal Bf8d8,Bd8d6,Bd6a6][%mdl 2080] Black is more active.} (19... Rad8 $5 20. Qb3 Nd4 21. Bxd4 Rxd4 $17) 20. Qc3 Bd4 21. Qa3 {[%emt 0:05:28] [#]} ({White should try} 21. Qb3) 21... c5 $1 $17 22. Rad1 (22. Bc1 $17) 22... Rd6 23. b4 (23. Kg2 $17) 23... Rad8 $19 {[%emt 0:01:22][%cal Od4b2] White must now prevent ...Bb2!} 24. Rb1 (24. Bxd4 {might work better.} Nxd4 25. bxc5 Ne2+ 26. Rxe2 Rxd1+ 27. Kg2) 24... Qc8 {[%emt 0:01:34] Black is clearly winning.} 25. c4 (25. Qd3 $142 Rxa6 26. Nc1) 25... Rxa6 26. Qb3 Bxe3 27. fxe3 Rd2 28. Nc3 Ng5 {[%emt 0:00:09] Weighted Error Value: White=0.98/Black=0.30} 0-1

[Event "55th Biel Festival MTO 2022"]
[Site "Biel"]
[Date "2022.07.20"]
[Round "7.16"]
[White "Shevchenko Kirill"]
[Black "Song, Julien"]
[Result "1/2-1/2"]
[ECO "D32"]
[WhiteElo "2654"]
[BlackElo "2391"]
[Annotator "TA"]
[PlyCount "94"]
[EventDate "2022.07.13"]
[EventType "swiss"]
[EventCountry "SUI"]
[SourceTitle "playchess.com"]
[Source "ChessBase"]
[SourceQuality "1"]
[TimeControl "40/5400+30:1800+30"]

1. c4 e6 2. Nc3 d5 3. d4 c5 4. cxd5 exd5 5. Nf3 Nc6 6. dxc5 d4 7. Na4 Bxc5 {[%emt 0:00:20][%mdl 64] [#] Decoy. D32: Tarrasch Defence: Sidelines and lines without g3.} 8. Nxc5 Qa5+ 9. Bd2 Qxc5 {[%emt 0:00:05] White is slightly better.} 10. b4 Qb6 11. Qa4 a6 $1 {[%emt 0:00:35] Prevents b5.} 12. e3 dxe3 13. fxe3 {[%emt 0:00:05] And now b5 would win.} ({Of course not} 13. Bxe3 Qxb4+ 14. Qxb4 Nxb4 $15) 13... Rb8 14. b5 axb5 15. Qxb5 Qxb5 16. Bxb5 {[%emt 0:05:43] [#]} Bd7 $146 ({Predecessor:} 16... Nf6 17. Bc3 O-O 18. Bxf6 gxf6 19. a4 Be6 20. Kf2 Ne5 21. h3 Nxf3 22. Kxf3 Rfd8 23. Rac1 Rbc8 24. Rxc8 Rxc8 25. Rd1 {½-½ (25) Susla,V (2331)-Martin,A (2425) LSS email 2019}) 17. Bc3 {[%emt 0:07:58] This bishop pair is nice.} Nf6 18. Bxf6 gxf6 19. O-O Ke7 20. a4 Rhc8 21. Nd2 Ne5 22. Ne4 Bxb5 23. axb5 Nd7 24. Rad1 Rc2 25. Rf4 Ra8 26. Nd6 Raa2 $1 27. Nf5+ ({But not} 27. Nxb7 Rxg2+ 28. Kh1 Rxh2+ 29. Kg1 Rag2+ 30. Kf1 Rb2 $17) 27... Kd8 28. Rg4 {[%emt 0:01:02] Strongly threatening b6.} Kc7 29. Ne7 Kb6 30. Rg7 Ne5 31. Nd5+ Kxb5 32. Rb1+ Kc5 33. Nxf6 {[%emt 0:00:12] [#]} Ng6 (33... h6 $1 $17) 34. Rxh7 $11 Rxg2+ 35. Kh1 Rgc2 36. Ng4 Rg2 37. Nf6 Rgc2 38. Ng4 {[%emt 0:01:53] The position is equal.} Rg2 39. h3 f5 40. Rh5 Nh4 41. Rxh4 {[%emt 0:05:26] Black must now prevent Rh5.} fxg4 42. hxg4 {[%emt 0:00:04][%mdl 4096] Endgame KRR-KRR} b5 43. Rh5+ Kc4 44. Rbxb5 Rxg4 45. Rb1 Re2 46. Ra1 {[%emt 0:01:28] Intending Ra4+ and mate.} Re4 47. Rc1+ Kd3 {[%emt 0:01:00] Weighted Error Value: White=0.06 (flawless) /Black=0.05 (flawless)} 1/2-1/2

[Event "55th Biel Festival MTO 2022"]
[Site "Biel"]
[Date "2022.07.20"]
[Round "7.17"]
[White "Haimovich, Tal"]
[Black "Azarov Sergei"]
[Result "1/2-1/2"]
[ECO "B30"]
[WhiteElo "2372"]
[BlackElo "2566"]
[Annotator "TA"]
[PlyCount "76"]
[EventDate "2022.07.13"]
[EventType "swiss"]
[EventCountry "SUI"]
[SourceTitle "playchess.com"]
[Source "ChessBase"]
[SourceQuality "1"]
[TimeControl "40/5400+30:1800+30"]

1. e4 c5 2. Nf3 Nc6 3. Nc3 e5 4. Bc4 d6 5. d3 Be7 6. Nd2 Nf6 7. Nf1 Bg4 8. f3 Be6 9. Ne3 O-O 10. O-O Nb4 {[%emt 0:00:55] B30: Sicilian: 2...Nc6 3 Bb5, lines without ...g6.} 11. a3 d5 {[%emt 0:03:42] [#]} 12. exd5 $146 (12. Bb3 {with more complications.} c4 13. dxc4 dxc4 14. Ba4) ({Predecessor:} 12. Bb3 c4 13. dxc4 dxc4 14. Ba4 Na6 15. Qe2 Rc8 16. Bb5 Qc7 17. Rd1 Nb8 18. Ncd5 Bxd5 19. exd5 {1-0 (67) Sevian,S (2666)-Nihal,S (2598) Chess.com INT 2019}) 12... Nbxd5 {[%emt 0:00:17] White has an edge.} 13. Nexd5 Nxd5 {[%emt 0:00:19] The position is equal.} 14. Nxd5 Bxd5 15. Be3 Qd7 16. Bxd5 Qxd5 17. Qe2 Rfe8 18. a4 Bf8 19. Bf2 f5 20. Rfe1 Re6 21. a5 Rae8 22. b3 h5 23. Ra4 g6 24. Qe3 Kh7 25. Kf1 Rc6 26. Qd2 Bg7 27. Rc4 b5 28. axb6 $1 axb6 29. b4 cxb4 30. Qxb4 Rec8 31. Rxc6 Rxc6 32. Re2 b5 33. Be1 Rc5 34. Qa3 Rc7 35. Qa5 Qd7 36. Qb4 Qd5 37. Qa5 Qd7 38. Qb4 Qd5 {[%emt 0:00:19] An uneventful encounter.  Weighted Error Value: White=0.03 (flawless) /Black=0.02 (flawless)} 1/2-1/2

[Event "55th Biel Festival MTO 2022"]
[Site "Biel"]
[Date "2022.07.20"]
[Round "7.18"]
[White "Gagare Shardul"]
[Black "Materia, Marco"]
[Result "1/2-1/2"]
[ECO "A09"]
[WhiteElo "2514"]
[BlackElo "2409"]
[Annotator "TA"]
[PlyCount "62"]
[EventDate "2022.07.13"]
[EventType "swiss"]
[EventCountry "SUI"]
[SourceTitle "playchess.com"]
[Source "ChessBase"]
[SourceQuality "1"]
[TimeControl "40/5400+30:1800+30"]

1. Nf3 d5 2. c4 d4 3. g3 Nc6 4. Bg2 e5 5. d3 Nf6 6. O-O a5 7. e3 {[%emt 0:01:11] 7.Na3 is the modern continuation. A09: Réti Opening: 1 Nf3 d5 2 c4.} Be7 8. exd4 exd4 9. Na3 {[%emt 0:02:33] White is slightly better.} O-O 10. Nb5 Bf5 11. Bf4 Rc8 12. Ne5 Nxe5 13. Bxe5 Nd7 14. Bxd4 {[%emt 0:16:31] White is more active.} c6 15. Nc3 {[%emt 0:00:44] [#]} Nc5 $146 ({Predecessor:} 15... Nf6 16. Bxf6 Bxf6 17. Be4 Be6 18. Ne2 Bg4 19. Qc2 Qd6 20. Nc3 Rcd8 {½-½ (20) Zontakh,A (2570)-Zhigalko,S (2505) Saratov 2006}) 16. Bxc5 Bxc5 17. Ne4 (17. Be4 $14 {was preferrable.} Bxe4 18. dxe4 (18. Nxe4 Bd4 $14)) 17... Bd4 $11 18. Rb1 Qe7 19. Qd2 Ra8 20. Kh1 Rfd8 21. f4 h5 22. h3 g6 {[%emt 0:04:07][%mdl 1024] Black has compensation.} 23. Qe2 Rd7 24. Kh2 Rad8 25. b3 Bg7 {[%emt 0:05:06] A strong pair of Bishops.} 26. Rbd1 $1 {[%emt 0:02:13] The position is equal.} Rd4 27. Rfe1 Qc7 28. h4 Bg4 29. Bf3 Bf5 30. Bg2 Bg4 31. Bf3 Bf5 {[%emt 0:02:13] Weighted Error Value: White=0.06 (flawless) /Black=0.07 (flawless)} 1/2-1/2

[Event "55th Biel Festival MTO 2022"]
[Site "Biel"]
[Date "2022.07.20"]
[Round "7.19"]
[White "Tanmay Chopra"]
[Black "Rathanvel V S"]
[Result "1/2-1/2"]
[ECO "B96"]
[WhiteElo "2322"]
[BlackElo "2478"]
[Annotator "TA"]
[PlyCount "51"]
[EventDate "2022.07.13"]
[EventType "swiss"]
[EventCountry "SUI"]
[SourceTitle "playchess.com"]
[Source "ChessBase"]
[SourceQuality "1"]
[TimeControl "40/5400+30:1800+30"]

1. e4 c5 2. Nf3 d6 3. d4 cxd4 4. Nxd4 Nf6 5. Nc3 a6 6. Bg5 e6 7. f4 Qc7 8. Bxf6 gxf6 9. Qf3 $1 {[%emt 0:00:50][%mdl 4] is now more promising than 9.Qd2.} b5 10. O-O-O {[%emt 0:10:58] White is more active. B96: Sicilian Najdorf: 6 Bg5 e6 7 f4, lines other than 7...Qb6 and 7...Be7.} (10. a3 $14) 10... b4 $1 $11 11. Nce2 ({But not} 11. Nd5 exd5 12. exd5 Kd8 $15) 11... h5 12. Ng3 {[%emt 0:08:38] [#] White is slightly better.} Bb7 $146 ({Predecessor:} 12... h4 13. Nh5 Nd7 14. g4 Bb7 15. Qe2 O-O-O 16. h3 Kb8 17. Kb1 Rc8 18. Rh2 Be7 {1-0 (45) Shirov,A (2730)-Papaioannou,I (2628) Novi Sad 2009}) 13. Nxh5 Nd7 14. g4 (14. Kb1 $14) 14... O-O-O $1 15. Bg2 Nc5 16. Qe2 ({Reject} 16. Nxf6 Be7 17. Nh5 Nxe4 $11) 16... Be7 17. Kb1 $36 {[%emt 0:01:09][%mdl 2048] White is in control.} a5 18. Rhe1 Kb8 19. h3 Ba6 {[%emt 0:02:50] Prevents Qb5+.} 20. Qe3 {[%emt 0:00:11] Threatens to win with e5.} Bb7 21. Qe2 Ba6 {[%emt 0:00:07] Inhibits Qb5+.} 22. Qf2 Bb7 23. f5 {[%emt 0:04:30] aiming for fxe6.} e5 24. Nb3 (24. Nb5 $5 Qb6 25. c4 $16) 24... a4 25. Nd2 (25. Nc1 $1 $14) 25... a3 $15 {[%emt 0:00:09][%mdl 1024] [#] ...Na4 is the strong threat. Black has compensation.} 26. b3 {[%emt 0:00:40] Prevents Na4.  Weighted Error Value: White=0.30/Black=0.05 (flawless)} 1/2-1/2

[Event "55th Biel Festival MTO 2022"]
[Site "Biel"]
[Date "2022.07.20"]
[Round "7.20"]
[White "Raja Harshit"]
[Black "Ajay Krishna, S."]
[Result "1-0"]
[ECO "B96"]
[WhiteElo "2477"]
[BlackElo "2372"]
[Annotator "TA"]
[PlyCount "83"]
[EventDate "2022.07.13"]
[EventType "swiss"]
[EventCountry "SUI"]
[SourceTitle "playchess.com"]
[Source "ChessBase"]
[SourceQuality "1"]
[TimeControl "40/5400+30:1800+30"]

1. e4 c5 2. Nf3 d6 3. d4 cxd4 4. Nxd4 Nf6 5. Nc3 a6 6. Bg5 e6 7. f4 Qc7 8. Qe2 {[%emt 0:04:09] 8.Bxf6 is the modern continuation. B96: Sicilian Najdorf: 6 Bg5 e6 7 f4, lines other than 7...Qb6 and 7...Be7.} (8. Bxf6 $5 gxf6 9. g3 $14) 8... b5 9. a3 Nbd7 {[%emt 0:01:24] [#]} 10. g3 $146 {[%emt 0:03:10] White is slightly better.} ({Predecessor:} 10. O-O-O Be7 11. g4 Bb7 12. Bh4 h6 13. Kb1 Rc8 14. Rg1 g5 15. fxg5 Nh7 16. g6 Bxh4 17. gxf7+ {1-0 (29) Eliseev,U (2548)-Sjugirov,S (2646) Khanty-Mansiysk 2015}) 10... Be7 11. Bg2 {[%emt 0:01:40][%cal Oe4e5] Strongly threatening e5!} Rb8 ({Better is} 11... Bb7 $11) 12. e5 $1 $14 dxe5 13. Nc6 Rb6 (13... h6 $14) 14. Nxe7 $16 {[%emt 0:02:31] White is much more active. The black rooks are badly placed.} (14. Nxe5 $6 O-O $11) (14. fxe5 Rxc6 15. exf6 Rxc3 16. bxc3 Qxc3+ 17. Kf2 Bc5+ 18. Be3 Nxf6 19. Bc6+ Bd7 20. Bxd7+ Kxd7 21. Bxc5 Qxc5+ 22. Kg2 Ke7 $17) 14... Kxe7 15. O-O-O ({White should try} 15. fxe5 $1 $16 Qxe5 16. Qxe5 Nxe5 17. Be3) 15... h6 $11 16. Bh4 {[%emt 0:02:09] Hoping for fxe5.} Kf8 17. fxe5 Nxe5 {[%emt 0:00:48] And now ...g5 would win.} 18. g4 $36 {[%emt 0:01:02][%mdl 2048] White is pushing.} (18. Rhf1 {with more complications.} Nfd7 19. g4 b4 20. axb4 Rxb4 21. Bg3) 18... Nfd7 (18... Nexg4 $2 19. Bg3 e5 20. h3 $18) (18... Ng6 $14 19. Bxf6 gxf6) 19. Bg3 {[%emt 0:09:02][%cal Od1d7] Threatens to win with Rxd7! A strong pair of Bishops.} f6 20. Rhf1 (20. Rd4 $1 $16) 20... Kg8 (20... Ke7 $1 $11) 21. h4 $16 {[%emt 0:07:04][%cal Og4g5] g5! is the strong threat.} Qc4 (21... b4 $16 22. axb4 Rxb4) 22. Qxc4 (22. Qf2 $18 {and White stays clearly on top. aiming for Bxe5.} Nxg4 23. Qg1) 22... Nxc4 {[%emt 0:00:34] [#]} 23. Rfe1 {[%emt 0:04:39][%cal Bf1e1,Be1e6,Be6c6][%mdl 32] Prevents Ne3.} Bb7 24. Bxb7 ({Much worse is} 24. Rxd7 $6 Bxg2 25. Bc7 Rb7 $11) 24... Rxb7 25. Rxe6 Ndb6 (25... Kh7 $142 26. Ne4 (26. Rxa6 Rc8 $16) 26... Rf8 27. Rxa6 Rc8) 26. b3 $18 Kf7 {[%emt 0:01:04] [#]} 27. Rc6 Na5 (27... Ne3 {was called for.}) 28. Rc7+ Kg6 29. h5+ Kh7 30. Rxb7 Nxb7 31. Bf2 Nc8 (31... Rc8 {was necessary.} 32. Nxb5 (32. Bxb6 Rxc3 33. Rd5 Rc6 $14) 32... axb5) 32. Rd7 {[%emt 0:00:17] White is clearly winning.} Nbd6 33. Bc5 Ne8 34. Nd5 Rg8 35. Kd2 Kh8 36. Ke3 a5 37. Kf4 Kh7 38. Kf5 a4 39. b4 Ned6+ 40. Bxd6 Nxd6+ 41. Rxd6 {[%emt 0:30:08][%cal Oc2c4] White wants to mate with c4!} Rc8 42. Rd7 {[%emt 0:00:14] Weighted Error Value: White=0.16 (very precise) /Black=0.51} 1-0

[Event "55th Biel Festival MTO 2022"]
[Site "Biel"]
[Date "2022.07.20"]
[Round "7.21"]
[White "Pavlovic Milos"]
[Black "Schnepp Gunnar"]
[Result "1-0"]
[ECO "A05"]
[WhiteElo "2461"]
[BlackElo "2265"]
[Annotator "TA"]
[PlyCount "71"]
[EventDate "2022.07.13"]
[EventType "swiss"]
[EventCountry "SUI"]
[SourceTitle "playchess.com"]
[Source "ChessBase"]
[SourceQuality "1"]
[TimeControl "40/5400+30:1800+30"]

1. Nf3 Nf6 2. g3 d5 3. Bg2 c5 4. O-O g6 5. d3 Bg7 6. Nc3 Nc6 7. e4 O-O 8. exd5 Nxd5 9. Nxd5 Qxd5 10. c3 {[%emt 0:03:53] [#] A05: Réti Opening: 1 Nf3 Nf6.} Qh5 $146 ({Predecessor:} 10... Qd6 11. Be3 Bf5 12. d4 cxd4 13. Nxd4 Nxd4 14. cxd4 Rfd8 15. Bxb7 Rab8 16. Bg2 Rxb2 {0-1 (32) Cano,L (2240)-Arango Arenas,J (2126) Medellin 2014}) 11. Ng5 {[%emt 0:00:14] [#] Strongly threatening Bf3.} Qxd1 12. Rxd1 {[%emt 0:00:36] The position is equal.} Bd7 13. Be3 b6 14. Nf3 Rad8 15. Rac1 e5 16. a3 Ne7 17. d4 Ba4 18. Re1 exd4 19. Bg5 {[%emt 0:04:37] [#]} dxc3 $1 20. bxc3 ({But not} 20. Bxe7 $2 cxb2 21. Bxd8 (21. Rb1 $2 c4 $19) 21... bxc1=R 22. Rxc1 Rxd8 $19) (20. b3 Bxb3) 20... f6 21. Rxe7 fxg5 22. Rxa7 Rd1+ (22... g4 $11 23. Rxa4 gxf3) 23. Rxd1 $14 Bxd1 {[%emt 0:00:02] This bishop pair is nice.} 24. Nxg5 Bb3 {[%emt 0:02:27] Inhibits Bd5+.} 25. Rb7 Bxc3 26. Rxb6 Bc4 27. Rc6 Bd4 28. Nf3 Rb8 {[%emt 0:00:24] ( -> ...Rb1+)} 29. Bf1 Bxf1 30. Kxf1 {[%emt 0:00:02][%mdl 4096] Endgame KRB-KRN} ({Don't blunder} 30. Nxd4 $2 Rb1 31. h4 (31. Rc8+ $2 Kf7 $19) 31... cxd4 $19) 30... Bb2 31. Rxc5 {[%emt 0:00:59] Threatens to win with a4.} Bxa3 32. Rc7 Bd6 33. Rd7 Bc5 34. Ng5 Rb1+ 35. Kg2 {[%emt 0:00:02] And now Rd8+ would win.} h6 $2 (35... Re1 $16 {stays breathing.}) 36. Rd8+ {[%emt 0:00:16] Weighted Error Value: White=0.03 (flawless) /Black=0.36} 1-0

[Event "55th Biel Festival MTO 2022"]
[Site "Biel"]
[Date "2022.07.20"]
[Round "7.22"]
[White "Unuk, Laura"]
[Black "Panjwani Raja"]
[Result "0-1"]
[ECO "E73"]
[WhiteElo "2340"]
[BlackElo "2450"]
[Annotator "TA"]
[PlyCount "76"]
[EventDate "2022.07.13"]
[EventType "swiss"]
[EventCountry "SUI"]
[SourceTitle "playchess.com"]
[Source "ChessBase"]
[SourceQuality "1"]
[TimeControl "40/5400+30:1800+30"]

1. d4 Nf6 2. c4 g6 3. Nc3 Bg7 4. e4 d6 5. Be2 O-O 6. Be3 Na6 {[%emt 0:00:10] E73: King's Indian: Averbakh Variation without 6...c5.} 7. h3 e5 8. d5 Nc5 {[%emt 0:03:57] White is slightly better.} 9. Qc2 {[%emt 0:03:29] [#]} Ne8 $146 ({Predecessor:} 9... a5 10. g4 c6 11. Nf3 cxd5 12. cxd5 Re8 13. Nd2 b6 14. a3 Re7 15. g5 Nh5 16. Bxh5 gxh5 17. Bxc5 bxc5 {1-0 (52) Sarana,A (2685)-Ganerdene,S (2419) Chess.com INT 2022}) 10. b4 Na6 11. Rb1 f5 12. Nf3 c5 13. dxc6 bxc6 14. c5 (14. b5 $14 f4 15. Bc1 cxb5 16. cxb5) 14... fxe4 $1 $15 ({But not} 14... f4 15. Bd2 $14) 15. Nxe4 {[%emt 0:05:23] And now cxd6 would win.} d5 16. Ng3 Nac7 17. h4 Ne6 18. Rd1 {[%emt 0:03:20] [#]} (18. h5 $17 e4 19. Nxe4 dxe4 20. Qxe4) 18... Nf4 $1 $19 19. Kf1 Nxe2 20. Nxe2 Nc7 (20... Bg4 $19 21. h5 gxh5) 21. h5 $17 Qe8 22. hxg6 Qxg6 23. Qxg6 hxg6 24. Bh6 Bxh6 ({Black should play} 24... Ba6 $17 25. Ke1 (25. Bxg7 Kxg7 26. a3 Rf5 $17) 25... Rab8) 25. Rxh6 $15 Kg7 26. Rh4 Ba6 27. Ke1 ({Wrong is} 27. Nxe5 $2 Bxe2+ 28. Kxe2 Rae8 $19) 27... Rae8 28. Kd2 $2 (28. a4 $17) 28... e4 $19 29. Nfd4 Rxf2 {[%emt 0:00:35] Strongly threatening ...e3+.} 30. Ke3 Rxg2 {[%emt 0:05:31] Chess con chili.} (30... Bxe2 $19 {has better winning chances.} 31. Rdh1 {[#]} Nb5 $1 32. Nxb5 Rxg2 33. Rh7+ Kf6) 31. Rdh1 (31. Nf4 $17 Rg3+ 32. Kf2) 31... Ne6 32. Rh7+ $2 (32. Nxe6+ {is the only way for White.} Rxe6 33. Nd4) 32... Kf6 {[%emt 0:00:02] Hoping for ...Bxe2.} 33. Rxa7 $2 (33. Rf1+ Kg5 34. b5 Nxd4 35. Nxd4 Rg3+ 36. Kf2 Bxb5 37. Kxg3 Bxf1 38. Kf2) 33... Bxe2 34. Nxe2 Ke5 {[%emt 0:00:24] White must now prevent ...d4+.} 35. Rd7 d4+ (35... Ra8 $142 36. a4 Rxa4 37. Rdh7 Ra2 38. R1h5+ Kf6 39. Rf5+ gxf5 40. Rh6+ Kf7 41. Rxe6 Raxe2+ 42. Kd4 Kxe6 43. b5 Rg3 44. bxc6 Rd3#) 36. Nxd4 Nxd4 37. Rxd4 Rg3+ 38. Kf2 Rf3+ {[%emt 0:00:04] Weighted Error Value: White=0.87/Black=0.32} 0-1

[Event "55th Biel Festival MTO 2022"]
[Site "Biel"]
[Date "2022.07.20"]
[Round "7.23"]
[White "Gurel Ediz"]
[Black "Shubin Daniel"]
[Result "1-0"]
[ECO "C06"]
[WhiteElo "2435"]
[BlackElo "2120"]
[Annotator "TA"]
[PlyCount "94"]
[EventDate "2022.07.13"]
[EventType "swiss"]
[EventCountry "SUI"]
[SourceTitle "playchess.com"]
[Source "ChessBase"]
[SourceQuality "1"]
[TimeControl "40/5400+30:1800+30"]

1. e4 e6 2. d4 d5 3. Nd2 a5 4. Ngf3 Nf6 5. Bd3 c5 6. e5 Nfd7 7. c3 Nc6 8. O-O {[%emt 0:00:05] C06: French Tarrasch: 3...Nf6 4 e5 Nfd7 5 Bd3 main lines.} Qb6 9. Re1 a4 10. dxc5 {[%emt 0:08:52] White has an edge.} Bxc5 11. Qe2 f6 12. exf6 Nxf6 {[%emt 0:00:05] [#]} 13. b4 $146 ({Predecessor:} 13. Ng5 O-O 14. Ndf3 e5 15. Nxh7 Nxh7 16. Bxh7+ Kxh7 17. Ng5+ Kg8 18. Qd3 Bxf2+ 19. Kh1 {0-1 (35) Bressac,S (2379)-Apicella,M (2501) Cannes 2018}) 13... Bd6 14. b5 Ne7 15. Ne5 O-O 16. Ndf3 Nd7 17. Be3 Qc7 18. Bd4 {[%emt 0:12:13] White is much more active.} Nf5 19. Nxd7 (19. Rac1 $142) 19... Bxd7 $16 20. Be5 Bxe5 21. Nxe5 Rf6 (21... Be8 $16) 22. Ng4 (22. c4 $18) 22... Rf7 23. Qe5 Qc5 24. c4 (24. Rad1 $16) 24... Rc8 $1 $11 25. Rac1 h5 26. Ne3 Nxe3 27. fxe3 dxc4 28. Qe4 Bxb5 (28... Qxb5 $2 29. Qh7+ Kf8 30. Bg6 $18) 29. Qh7+ Kf8 30. Bg6 {[%emt 0:00:13][%csl LRf7,LRh5] [#]} c3 $1 31. Bxf7 (31. Bxh5 Bd3) 31... Kxf7 32. Rc2 $1 {[%emt 0:00:36] Threatens to win with Rf2+.} (32. Qe4 Qd5 33. Qxd5 exd5 $15) 32... Qe5 33. h3 (33. Rf2+ $11 {might be stronger.} Ke7 34. Qc2 (34. Qg6 Rf8 $15)) 33... Ke7 $36 {[%emt 0:01:32][%mdl 2048] Black is pushing.} 34. Qg6 Be8 35. Qd3 Bb5 36. Qd1 (36. Qg6 $1 $11) 36... Rd8 (36... a3 $15 37. Qf3 Bd3) 37. Qb1 (37. Qf3 $11 {was the only way to keep the balance.}) 37... Rd3 (37... Qc5 $17 {aiming for ...Bd3.} 38. Rf2 Rd3) 38. Rf2 $2 (38. Qb4+ $11 Kd7 39. a3) 38... Qc5 $19 39. a3 Rd2 $2 (39... Kd6 $19 {And now ...g5 would win.} 40. Qc1 Kc7) 40. Qg6 $11 Rxf2 41. Kxf2 {[%emt 0:30:04][%mdl 4096] Endgame KQR-KQB. Really sharp!} Qe5 42. Rc1 Bc6 {[%emt 0:02:02] ...h4 is the strong threat.} 43. Qg3 Qf6+ {[%emt 0:05:02] [#]} (43... Qf5+ $1 $11 44. Kg1 c2) 44. Kg1 $1 $16 {[%emt 0:00:00][%mdl 1024] Black must now prevent Rf1. White has strong compensation.} Kd7 45. Rf1 (45. Qe1 $16) 45... h4 $11 46. Qg4 Qe5 47. Rf7+ $2 (47. Rd1+ $11 Kc7 48. Qxh4 Qxe3+ 49. Qf2 (49. Kh1 $2 g5 $19)) 47... Kd6 {[%emt 0:06:12][%mdl 32768] Weighted Error Value: White=0.41/Black=0.27 (precise) . Sensor Board Error (Ke4/e5)?} ({Inferior is} 47... Ke8 48. Rxg7 Qxe3+ 49. Kh2 Qe5+ 50. Kh1 $11) 1-0